 Dungeon Crawl Stone Soup version 0.30-b1-2-g02819fbbbe (webtiles) character file.

Game seed: 11571666942588969449

128333 sanka the Destroyer (level 16, -8/128 HPs)
             Began as a Demigod Enchanter on May 17, 2023.
             Mangled by a ghost moth (10 damage)
             ... on level 4 of the Spider Nest.
             The game lasted 01:46:14 (44554 turns).

sanka the Destroyer (Demigod Enchanter)            Turns: 44554, Time: 01:46:15

Health: -8/128     AC: 10    Str:  6 (11) XL:     16   Next: 1%
Magic:  0/33       EV: 21    Int: 35 (37) God:
Gold:   1799       SH: 13    Dex: 12 (16) Spells: 4/32 levels left

rFire   + . .        a - +3 demon blade (flame)
rCold   + . .        j - +3 buckler "Ceah Noo" {rElec rN+ Str+2}
rNeg    + . .        W - +7 swamp dragon scales
rPois   +            m - +0 helmet
rElec   +            k - scarf {rC+ rF+}
rCorr   .            d - +0 pair of gloves
SInv    .            b - +2 pair of boots {Fly}
Will    +....        z - amulet of reflection
Stlth   ++           S - +5 ring of evasion
HPRegen 0.41/turn    i - +5 ring of evasion
MPRegen 0.23/turn

%: reflection
@: mighty, corroded, flying
A: high MP 1, forlorn, divine attributes, thin skeletal structure 1
a: no special abilities


You were on level 4 of the Spider Nest.
You visited 4 branches of the dungeon, and saw 26 of its levels.
You also visited: Ice Cave.

You collected 3004 gold pieces.
You spent 1205 gold pieces at shops.

Inventory:

Hand Weapons
 a - a +3 demon blade of flaming (weapon)
 E - the +10 mace of Juiraj Cixyph {heavy, *Noise rF+ rC+++ rN++}
   (You found it on level 6 of the Dungeon)

   rF:        It protects you from fire.
   rC:        It renders you almost immune to cold.
   rN:        It greatly protects you from negative energy.
   *Noise:    It may make noises in combat.
Missiles
 D - 2 throwing nets {=f}
Armour
 b - a +2 pair of boots of flying (worn)
 d - a +0 pair of gloves (worn)
 j - the +3 buckler "Ceah Noo" (worn) {rElec rN+ Str+2}
   (You acquired it in an ice cave)

   Str:       It affects your strength (+2).
   rElec:     It insulates you from electricity.
   rN:        It protects you from negative energy.
 k - a scarf of resistance (worn)
 m - a +0 helmet (worn)
 o - the scarf of Koepyrr {shadows, Contam rF++ Int+3 Dex+2}
   (You found it on level 1 of the Spider Nest)

   Int:       It affects your intelligence (+3).
   Dex:       It affects your dexterity (+2).
   rF:        It greatly protects you from fire.
   Contam:    It causes magical contamination when unequipped.
 C - the +2 robe "Ohaizoz" {Will+ Str+3 Int+3}
   (You found it on level 2 of the Spider Nest)

   Str:       It affects your strength (+3).
   Int:       It affects your intelligence (+3).
   Will:      It increases your willpower.
 W - +7 swamp dragon scales (worn)
Jewellery
 i - a +5 ring of evasion (right hand)
 s - a +6 ring of intelligence
 u - a ring of fire
 z - an amulet of reflection (around neck)
 P - the amulet of Zioduih {*Corrode rPois Will+ Regen+ Dex+3}
   (You found it on level 11 of the Dungeon)

   [amulet of regeneration]

   Dex:       It affects your dexterity (+3).
   rPois:     It protects you from poison.
   Regen:     It increases your rate of health regeneration.
   *Corrode:  It may corrode you when you take damage.
   Will:      It increases your willpower.
 S - a +5 ring of evasion (left hand)
Wands
 h - a wand of iceblast (8)
 l - a wand of polymorph (1)
 t - a wand of flame (24)
 H - a wand of charming (18)
 L - a wand of digging (3)
 M - a wand of mindburst (8)
 N - a wand of acid (2)
Scrolls
 c - 3 scrolls of identify {@r1}
 e - 16 scrolls of teleportation {@r4}
 n - 8 scrolls of fog
 r - 2 scrolls of fear
 v - 6 scrolls of amnesia
 w - a scroll of brand weapon
 y - 4 scrolls of poison {!r}
 B - 4 scrolls of blinking
 F - 3 scrolls of magic mapping
 I - a scroll of silence {!r}
 Q - a scroll of butterflies
Potions
 f - 8 potions of curing {@q1}
 g - 3 potions of resistance
 q - 7 potions of magic
 x - a potion of experience {unknown}
 A - 2 potions of haste {@q3}
 G - 2 potions of ambrosia
 K - 2 potions of attraction {!q}
 R - 3 potions of invisibility
 U - 3 potions of flight
 V - a potion of berserk rage {!q}
Miscellaneous
 p - a phial of floods


   Skills:
 - Level 8.0 Fighting
 - Level 0.8(5.6) Short Blades
 - Level 8.9(9.0) Long Blades
 - Level 8.0 Armour
 - Level 8.0 Dodging
 - Level 2.6 Stealth
 - Level 5.0 Shields
 - Level 8.6 Spellcasting
 + Level 14.0 Conjurations
 - Level 3.2 Hexes
 - Level 6.9 Ice Magic
 - Level 13.4 Air Magic


You had 4 spell levels left.
You knew the following spells:

 Your Spells              Type           Power      Damage    Failure   Level
a - Shock                 Conj/Air       100%       1d9       1%          1
b - Poisonous Vapours     Pois/Air       100%       N/A       1%          2
c - Airstrike             Air            41%        2d(6-22)  1%          4
d - Freezing Cloud        Conj/Ice/Air   38%        6-21      3%          5
e - Swiftness             Air            83%        N/A       1%          3
f - Conjure Ball Lightni  Conj/Air       42%        3x3d15    9%          6
g - Orb of Destruction    Conj           42%        9d12      36%         7

Your spell library contained the following spells:

 Spells                   Type           Power      Damage    Failure   Level
 Momentum Strike          Conj/Tloc      100%       3d10      1%          2
 Dazzling Flash           Conj/Hex       100%       N/A       1%          3
 Mephitic Cloud           Conj/Pois/Air  68%        N/A       1%          3
 Ensorcelled Hibernation  Hex/Ice        100%       N/A       2%          2
 Stone Arrow              Conj/Erth      100%       3d13      2%          3
 Cigotuvi's Dreadful Rot  Necr/Pois/Air  92%        N/A       3%          2
 Confusing Touch          Hex            37%        N/A       12%         3
 Tukima's Dance           Hex            37%        N/A       12%         3
 Apportation              Tloc           30%        N/A       16%         1
 Sandblast                Erth           30%        2d9       16%         1
 Sting                    Tmut/Pois      60%        1d6       16%         1
 Blink                    Tloc           30%        N/A       22%         2
 Lesser Beckoning         Tloc           30%        N/A       22%         2
 Passwall                 Tmut/Erth      12%        N/A       22%         2
 Sublimation of Blood     Necr           15%        N/A       22%         2
 Wereblood                Tmut           15%        N/A       22%         2
 Portal Projectile        Hex/Tloc       52%        N/A       22%         3
 Summon Ice Beast         Ice/Summ       39%        N/A       34%         4
 Call Canine Familiar     Summ           15%        N/A       41%         3
 Gell's Gravitas          Tloc           15%        N/A       41%         3
 Spider Form              Tmut/Pois      15%        N/A       41%         3
 Teleport Other           Tloc           15%        N/A       41%         3
 Anguish                  Hex/Necr       13%        N/A       58%         4
 Leda's Liquefaction      Hex/Erth       13%        N/A       58%         4
 Passage of Golubria      Tloc           15%        N/A       83%         4
 Silence                  Hex/Air        32%        N/A       14%         5
 Metabolic Englaciation   Hex/Ice        25%        N/A       45%         5
 Summon Mana Viper        Hex/Summ       26%        N/A       91%         5
 Alistair's Intoxication  Tmut/Pois      10%        N/A       99%         5
 Simulacrum               Ice/Necr       19%        N/A       99%         6
 Malign Gateway           Summ/Tloc      7%         N/A       100%        7
 Monstrous Menagerie      Summ           7%         N/A       100%        7
 Summon Hydra             Summ           7%         N/A       100%        7
 Borgnjor's Revivificati  Necr           7%         N/A       100%        8
 Discord                  Hex            18%        N/A       100%        8
 Disjunction              Tloc           7%         N/A       100%        8
 Lehudib's Crystal Spear  Conj/Erth      29%        10d8      100%        8
 Necromutation            Tmut/Necr      7%         N/A       100%        8
 Summon Horrible Things   Summ           7%         N/A       100%        8
 Death's Door             Necr           7%         N/A       100%        9


Dungeon Overview and Level Annotations

Branches:
Dungeon (15/15)            Temple (0/1) D:6            Lair (5/5) D:9
 Shoals (0/4) Lair:3       Spider (4/4) Lair:2        Slime (0/5) Lair:5
    Orc (2/2) D:9             Elf (0/3) Orc:2        Vaults (0/5) D:13
 Depths (0/4) D:15          IceCv (visited)

Shops:
D:1 ?   D:2 [**??   Orc:2 =!==(

Portals:
Trove: D:11 (give 4 potions of resistance)

Annotations:
D:8 4 runed translucent doors, Erica
D:15 2 transporters, Vuirau's ghost, journeyman DsGl
Lair:1 3 runed translucent doors, Firil's ghost, journeyman OpFE; arta456's ghost, journeyman DECj


Innate Abilities, Weirdness & Mutations

You have an increased reservoir of magic. (+10% MP)
You shall have no god before yourself.
Your divine heritage dramatically boosts your attributes as you level up.
You have a somewhat thin skeletal structure. (Dex +2, Stealth+)


Message History

You slash something! You burn something. Something hits you!
* * * LOW HITPOINT WARNING * * *
You feel dopey. You block something's attack. x2
Unknown command.
You completely miss something.
You feel you are being watched by something.
Something misses you. Something hits you!
* * * LOW HITPOINT WARNING * * *
Something closely misses you.
You feel you are being watched by something.
Something hits you.
* * * LOW HITPOINT WARNING * * *
You block something's attack. x2
You feel better. Something hits you but does no damage.
You block something's attack. Something stings you!
* * * LOW HITPOINT WARNING * * *
You feel clumsy.
You feel better.
You feel you are being watched by something.
You feel your power leaking away.
Something hits you but does no damage. x2; Something stings you.
* * * LOW HITPOINT WARNING * * *
You feel weakened.
You miss something.
You feel you are being watched by something.
You block something's attack. Something closely misses you.
Something stings you!
* * * LOW HITPOINT WARNING * * *
Unknown command.
You can't see any enemies this would affect, really read the scroll of fear?
As you read the scroll of fear, it crumbles to dust.
You assume a fearsome visage.
Nothing appears to happen.
You feel you are being watched by something.
You block something's attack. Something misses you. Something stings you!
* * * LOW HITPOINT WARNING * * *
You feel you are being watched by something.
You feel your power leaking away. Something barely misses you.
Something hits you!
You die...

#...........#...
##.....<.........8
#......†...#^.....
#......##........8
##......^.........
#^.....^...........
#..................
##^................
###.^^....@.......
##.##...........
###............
###.§§°......
###§§§.#...
§§○°..... §§§§○....
#§###..... ## .?...


There were no monsters in sight!

Vanquished Creatures
  2 emperor scorpions (Spider:3)
  2 ghost moths (Spider:3)
  An ironbound preserver (D:13)
  A broodmother (Spider:3)
  A stone giant (D:15)
  2 very ugly things (IceCv)
  Nessos (Orc:2)
  Azrael (D:15)
  A fire dragon (Lair:5)
  Josephine (D:14)
  6 entropy weavers
  3 hydras
  2 catoblepae
  2 ghost crabs (Spider:3)
  An ogre mage (Orc:2)
  3 centaur warriors
  A rakshasa (D:14)
  A radroach (Spider:2)
  An anaconda (Lair:5)
  A death knight (D:12)
  A two-headed ogre (D:10)
  3 boulder beetles
  4 death yaks (Lair:5)
  A tengu warrior (D:9)
  3 skysharks
  A sixfirhy (D:7)
  7 pharaoh ants
  5 skeletal warriors
  Lodul (D:14)
  A swamp dragon (Lair:5)
  6 orb spiders
  An orange crystal statue (IceCv)
  3 deep elf pyromancers
  12 wolf spiders
  2 orc knights (Orc:2)
  10 orc sorcerers
  12 ugly things
  5 manticores
  6 cyclopes
  3 elephants (Lair:2)
  2 moths of wrath (Spider:3)
  Joseph (D:8)
  An ice statue (D:15)
  4 black mambas
  4 demonic crawlers
  4 torpor snails
  2 gargoyles
  8 cane toads
  3 unseen horrors
  9 rime drakes
  An anaconda simulacrum (IceCv)
  2 efreet (D:15)
  5 komodo dragons
  2 freezing wraiths (IceCv)
  6 trolls
  9 polar bears (Lair:5)
  4 tyrant leeches (Spider:3)
  23 tarantellas
  8 blink frogs
  A dream sheep (Lair:1)
  4 raiju (Lair:5)
  28 jumping spiders
  10 culicivoras
  3 shadows
  4 slime creatures (D:13)
  8 wraiths
  3 water elementals (D:15)
  2 dire elephant simulacra (IceCv)
  3 wyverns
  2 fire elementals (D:15)
  4 steam dragons
  57 yaks
  2 basilisks
  Grum (D:8)
  19 vampire mosquitoes
  31 redbacks
  8 wargs
  An acid dragon (D:11)
  18 water moccasins
  14 hell hounds
  21 orc warriors
  2 swamp drakes (Lair:5)
  12 black bears
  4 ice beasts
  2 sky beasts (D:7)
  24 wolves
  3 boggarts (D:15)
  15 ogres
  5 centaurs
  4 kobold brigands
  Blork the orc (D:5)
  4 gnoll sergeants
  5 scorpions
  9 bullfrogs
  14 wights
  9 killer bees (D:8)
  3 lindwurm simulacra (IceCv)
  2 electric eels (D:15)
  12 howler monkeys
  11 orc priests
  A jelly (D:8)
  A sleepcap (D:4)
  3 hounds
  A gnoll bouda (D:6)
  6 iguanas
  40 orc wizards
  A boggart simulacrum (D:14)
  15 gnolls
  11 adders
  2 white imps
  4 worms
  A dart slug (D:2)
  83 orcs
  9 endoplasms
  A giant cockroach (D:3)
  5 goblins
  9 hobgoblins
  9 jackals
  17 kobolds
  A quokka (D:4)
  12 ball pythons
  11 bats
  3 frilled lizards
  13 rats
  A spectral weapon (D:12)
864 creatures vanquished.

Vanquished Creatures (collateral kills)
  An ettin simulacrum (IceCv)
  An alligator simulacrum (IceCv)
2 creatures vanquished.

Vanquished Creatures (others)
  A tarantella (Spider:3)
  3 ball lightnings (Spider:2)
  35 fungi
  53 plants
  3 spectral weapons
  8 withered plants
103 creatures vanquished.

Grand Total: 969 creatures vanquished

Notes
Turn   | Place    | Note
-------+----------+-------------------------------------------
     0 | D:1      | sanka the Demigod Enchanter began the quest for the Orb.
     0 | D:1      | Reached XP level 1. HP: 14/14 MP: 5/5
   148 | D:1      | Reached XP level 2. HP: 17/20 MP: 7/7
   180 | D:1      | Learned a level 1 spell: Shock
   599 | D:1      | Found Kijo's Magic Scroll Emporium.
   602 | D:1      | Bought a scroll of identify for 22 gold pieces
   603 | D:1      | Identified a scroll of acquirement
   604 | D:1      | Acquired Xuajia's Atlas of the Foul Winter
   717 | D:1      | Reached skill level 1 in Conjurations
   719 | D:1      | Reached skill level 1 in Air Magic
   809 | D:2      | Found Mudinlesi's Assorted Antiques.
   811 | D:2      | Found Biuruic's Assorted Antiques.
   828 | D:2      | Reached XP level 3. HP: 26/26 MP: 6/8
  1125 | D:2      | Found Qirha's Antique Armour Shop.
  1383 | D:2      | Found Measkud's Magic Scroll Shoppe.
  1418 | D:2      | Learned a level 2 spell: Poisonous Vapours
  1506 | D:2      | Reached skill level 2 in Conjurations
  1506 | D:2      | Reached XP level 4. HP: 33/33 MP: 9/9
  1598 | D:2      | Found Uxiom's Magic Scroll Shop.
  1760 | D:1      | Bought a scroll of teleportation for 33 gold pieces
  2301 | D:3      | Learned a level 4 spell: Airstrike
  3017 | D:4      | Noticed an ogre
  3025 | D:4      | Killed an ogre
  3026 | D:4      | Reached skill level 3 in Conjurations
  3026 | D:4      | Reached XP level 5. HP: 36/38 MP: 0/10
  3478 | D:4      | Reached XP level 6. HP: 35/45 MP: 11/11
  4053 | D:5      | Entered Level 5 of the Dungeon
  4070 | D:5      | Reached skill level 4 in Conjurations
  4144 | D:5      | Noticed a water moccasin
  4149 | D:5      | Killed a water moccasin
  4412 | D:5      | Reached XP level 7. HP: 50/50 MP: 14/14
  4497 | D:5      | Noticed Blork the orc
  4503 | D:5      | Killed Blork the orc
  4908 | D:2      | Bought a crude leather armour for 147 gold pieces
  4908 | D:2      | Identified the +3 leather armour of the Albatross {Dex+3}
                  | (You bought it in a shop on level 2 of the Dungeon)
  4925 | D:2      | Learned a level 5 spell: Freezing Cloud
  5275 | D:2      | Bought a scroll of blinking for 105 gold pieces
  5408 | D:6      | Identified the +10 mace of Juiraj Cixyph {heavy, *Noise rF+
                  | rC+++ rN++}
  5429 | D:6      | Reached skill level 5 in Conjurations
  5429 | D:6      | Reached skill level 1 in Ice Magic
  5429 | D:6      | Reached skill level 5 in Air Magic
  5626 | D:6      | Found a staircase to the Ecumenical Temple.
  5669 | D:6      | Reached XP level 8. HP: 57/57 MP: 11/17
  6264 | D:2      | Bought a scroll of enchant weapon for 105 gold pieces
  6401 | D:7      | Found a runed translucent door.
  6404 | D:7      | Noticed a sixfirhy
  6869 | D:7      | Reached skill level 6 in Conjurations
  7616 | D:8      | Reached skill level 5 in Spellcasting
  7616 | D:8      | Reached XP level 9. HP: 62/62 MP: 13/20
  7669 | D:8      | Found a huge runed translucent gate.
  7670 | D:8      | Found a huge runed translucent gate.
  7670 | D:8      | Noticed Erica
  7672 | D:8      | Found a huge runed translucent gate.
  7673 | D:8      | Found a huge runed translucent gate.
  8465 | D:8      | Noticed Joseph
  8486 | D:8      | Killed Joseph
  8487 | D:8      | Reached skill level 7 in Conjurations
  8489 | D:8      | Noticed Grum
  8664 | D:8      | Killed Grum
  8665 | D:8      | Reached skill level 5 in Ice Magic
  9526 | D:8      | Reached XP level 10. HP: 69/69 MP: 17/22
 10125 | D:8      | Reached skill level 8 in Conjurations
 10763 | D:8      | Learned a level 3 spell: Swiftness
 11401 | D:9      | Reached skill level 10 in Air Magic
 11715 | D:9      | Reached skill level 1 in Fighting
 12336 | D:9      | Noticed a brown ugly thing
 12472 | D:9      | Found a staircase to the Lair.
 12503 | D:9      | Found a staircase to the Orcish Mines.
 12569 | D:9      | Noticed a tengu warrior
 12573 | D:9      | Killed a tengu warrior
 12574 | D:9      | Reached XP level 11. HP: 81/81 MP: 1/24
 13001 | D:9      | Noticed a deep elf pyromancer
 13014 | D:9      | Killed a deep elf pyromancer
 13356 | D:1      | Bought a scroll of magic mapping for 82 gold pieces
 13356 | D:1      | Bought a scroll of vulnerability for 44 gold pieces
 13356 | D:1      | Bought a scroll of immolation for 44 gold pieces
 13536 | D:10     | Entered Level 10 of the Dungeon
 13999 | D:10     | Noticed a two-headed ogre
 14003 | D:10     | Killed a two-headed ogre
 14004 | D:10     | Reached skill level 5 in Dodging
 14463 | D:11     | Identified the amulet of Zioduih {*Corrode rPois Will+
                  | Regen+ Dex+3}
 14596 | D:11     | Found a portal to a secret trove of treasure.
 14843 | D:1      | Bought a scroll of identify for 22 gold pieces
 14843 | D:1      | Bought a scroll of identify for 22 gold pieces
 14843 | D:1      | Bought a scroll of identify for 22 gold pieces
 14843 | D:1      | Bought a scroll of identify for 22 gold pieces
 14843 | D:1      | Bought a scroll of identify for 22 gold pieces
 15143 | D:11     | Reached skill level 1 in Shields
 15178 | D:11     | Reached skill level 5 in Fighting
 15810 | Lair:1   | Entered Level 1 of the Lair of Beasts
 16559 | Lair:1   | Found a runed translucent gate.
 16560 | Lair:1   | Found a runed translucent gate.
 16561 | Lair:1   | Found a runed translucent gate.
 16563 | Lair:1   | Noticed arta456's ghost (journeyman DECj)
 16563 | Lair:1   | Noticed Firil's ghost (journeyman OpFE)
 16862 | Lair:1   | Noticed a skyshark
 16862 | Lair:1   | Noticed a skyshark
 16868 | Lair:1   | Killed a skyshark
 16869 | Lair:1   | Killed a skyshark
 16870 | Lair:1   | Reached XP level 12. HP: 86/97 MP: 20/25
 17117 | Lair:1   | Noticed a six-headed hydra
 17117 | Lair:1   | Noticed a catoblepas
 17124 | Lair:1   | Killed a six-headed hydra
 17332 | Lair:1   | Killed a catoblepas
 17397 | Lair:1   | Reached skill level 5 in Shields
 17793 | Lair:2   | Found a hole to the Spider Nest.
 18624 | Lair:2   | Reached skill level 1 in Long Blades
 19166 | Lair:3   | Noticed a five-headed hydra
 19169 | Lair:3   | Killed a five-headed hydra
 19275 | Lair:3   | Found a staircase to the Shoals.
 19668 | Lair:3   | Reached skill level 5 in Long Blades
 22029 | Lair:5   | Entered Level 5 of the Lair of Beasts
 22089 | Lair:5   | Reached XP level 13. HP: 75/107 MP: 12/26
 22609 | Lair:5   | Identified the +0 chain mail "Himy" {Contam rC++ Dex+3}
 24087 | Lair:5   | Identified the +1 flail of Skirmishing {heavy, Int+4 Dex+3}
 24993 | Lair:5   | Found a staircase to the Slime Pits.
 25881 | Orc:1    | Entered Level 1 of the Orcish Mines
 26204 | Orc:2    | Entered Level 2 of the Orcish Mines
 26652 | Orc:2    | Found a staircase to the Elven Halls.
 26915 | Orc:2    | Found Zotew's Jewellery Emporium.
 27019 | Orc:2    | Found Jekhiej's Jewellery Emporium.
 27116 | Orc:2    | Noticed Nessos
 27136 | Orc:2    | Killed Nessos
 27150 | Orc:2    | Paralysed by an orc sorcerer for 3 turns
 27443 | Orc:2    | Paralysed by an ogre mage for 3 turns
 27446 | Orc:2    | Reached XP level 14. HP: 115/115 MP: 18/29
 27538 | Orc:2    | Found Irog's Jewellery Emporium.
 27778 | Orc:2    | Found Itimeot's Antique Weapon Shoppe.
 27779 | Orc:2    | Found Maud's Distillery.
 28588 | Orc:2    | Bought a potion of flight for 33 gold pieces
 28935 | Orc:2    | Bought a potion of resistance for 110 gold pieces
 29183 | D:2      | Bought a potion of resistance for 160 gold pieces
 29776 | D:12     | Reached skill level 1 in Armour
 31295 | D:2      | Bought a scroll of enchant weapon for 105 gold pieces
 31295 | D:2      | Bought a scroll of enchant armour for 105 gold pieces
 31618 | D:13     | Reached skill level 5 in Armour
 32161 | D:13     | Noticed an ironbound preserver
 32182 | D:13     | Killed an ironbound preserver
 32313 | D:13     | Found a gate to the Vaults.
 33150 | D:13     | Found a gate to the Vaults.
 33477 | D:14     | Noticed Lodul
 33487 | D:14     | Killed Lodul
 33738 | D:14     | Noticed Josephine
 33746 | D:14     | Killed Josephine
 34862 | D:15     | Entered Level 15 of the Dungeon
 34919 | D:15     | Found a staircase to the Depths.
 35313 | D:15     | Found a frozen archway.
 35426 | IceCv    | Entered an ice cave
 35634 | IceCv    | Found a transporter.
 35658 | IceCv    | Found a transporter.
 35764 | IceCv    | Acquired the +3 buckler "Ceah Noo" {rElec rN+ Str+2}
 35793 | IceCv    | Got the Lessons on Luminous Angles
 35999 | D:15     | Found a transporter.
 36002 | D:15     | Noticed Vuirau's ghost (journeyman DsGl)
 36013 | D:15     | Reached XP level 15. HP: 121/121 MP: 9/32
 36113 | D:15     | Found a transporter.
 36378 | D:15     | Noticed Azrael
 36419 | D:15     | Killed Azrael
 37186 | Spider:1 | Entered Level 1 of the Spider Nest
 37368 | Spider:1 | Reached skill level 9 in Conjurations
 38273 | Spider:1 | Identified the scarf of Koepyrr {shadows, Contam rF++ Int+3
                  | Dex+2}
 38613 | Spider:1 | Reached skill level 10 in Conjurations
 39653 | Spider:2 | Identified the +2 robe "Ohaizoz" {Will+ Str+3 Int+3}
 39707 | Spider:2 | Reached skill level 11 in Conjurations
 39753 | Spider:2 | Gained mutation: You occasionally lose the ability to drink
                  | potions when taking damage. [mutagenic glow]
 40009 | Spider:1 | Lost mutation: You occasionally lose the ability to drink
                  | potions when taking damage. [potion of mutation]
 40009 | Spider:1 | Gained mutation: You occasionally lose the ability to drink
                  | potions when taking damage. [potion of mutation]
 40009 | Spider:1 | Gained mutation: You are resistant to electric shocks.
                  | (rElec) [potion of mutation]
 40010 | Spider:1 | Lost mutation: You are resistant to electric shocks.
                  | (rElec) [potion of mutation]
 40010 | Spider:1 | Lost mutation: You occasionally lose the ability to drink
                  | potions when taking damage. [potion of mutation]
 40010 | Spider:1 | Gained mutation: You have a somewhat thin skeletal
                  | structure. (Dex +2, Stealth+) [potion of mutation]
 40174 | Spider:1 | Learned a level 6 spell: Conjure Ball Lightning
 41285 | Spider:3 | Reached skill level 12 in Conjurations
 42618 | Spider:3 | Reached skill level 13 in Conjurations
 43451 | Spider:4 | Entered Level 4 of the Spider Nest
 44436 | Spider:3 | Learned a level 7 spell: Orb of Destruction
 44467 | Spider:4 | Reached skill level 14 in Conjurations
 44467 | Spider:4 | Reached XP level 16. HP: 119/128 MP: 21/33
 44553 | Spider:4 | HP: 2/128 [something (8)]
 44554 | Spider:4 | Mangled by a ghost moth

Illustrated notes

Levels and vault maps discovered:
D:1:      minmay_arrival_stone_box, layout_rooms, ebering_ecumenical_altar_hall,
          serial_shops, nicolae_shop_rolled_up
D:2:      layout_rooms, serial_shops, nicolae_shop_rolled_up, shop,
          nicolae_shop_rolling_square, nicolae_shop_tiny_statue_garden,
          nicolae_shop_peninsula, minmay_rat_gold_closets
D:3:      layout_loops_ring, okawaru_altar_gauntlet_db
D:4:      layout_basic, saegor_snake_ambush
D:5:      layout_rooms, uniq_blork_the_orc
D:6:      layout_cave_pools, minmay_temple_entry_wispy
D:7:      cheibrodos_shockbox, layout_basic, grunt_tough_drop
D:8:      lemuel_bear_cage, layout_basic, yredelemnul_altar_generic,
          uniq_joseph, uniq_grum, uniq_erica
D:9:      layout_cave_pools, mainiacjoe_overflow_six_doors_small,
          hellmonk_lair_entry_icy, kennysheep_orc_monster_closet_entryway,
          minmay_fractal_squares_gapless_7
D:10:     layout_long_grid
D:11:     layout_basic, nicolae_trove_entry_isolated, nicolae_ashenzari_skybound
D:12:     layout_rooms
D:13:     layout_basic, skrybe_vaults_entry_preservation, nemelex_altar_shiori
D:14:     layout_basic, infiniplex_staircase_river, uniq_josephine, uniq_lodul
D:15:     grunt_enter_depths_giant_problem, layout_basic,
          portal_ice_cave_entry_ice_statue_one, gammafunk_ghost_mausoleum,
          dreamdust_mushroom_princess, eino_tiny_chamber, uniq_azrael
Lair:1:   layout_hall_layers, gammafunk_ghost_cemetery, minmay_shattered_shrine
Lair:2:   layout_chaotic_city, spider_nest_entry_webs,
          chequers_serial_rivers_room_b, cheibrodos_lair_reptile_den
Lair:3:   layout_regular_city, elwin_shoals_entry_rocks, columned_hall_lemuel,
          grunt_megastairs_3
Lair:4:   layout_regular_city
Lair:5:   guppyfry_lair_end_dragon, layout_cellular_growth,
          hangedman_lair_caniforms_friends, slime_entry_1
Spider:1: layout_chambers
Spider:2: layout_spider_delve
Spider:3: layout_chambers, nicolae_spider_swamp_cousins
Spider:4: floodkiller_spider_rune_tomb, hellmonk_spider_spawner
Orc:1:    layout_caves
Orc:2:    kennysheep_orc_mage_school, layout_diamond_mine, serial_shops, shop,
          basic_altar, uniq_nessos

Skill      XL: |  1  2  3  4  5  6  7  8  9 10 11 12 13 14 15 |
---------------+----------------------------------------------+-----
Spellcasting   | 2 3 5 6 7 8 |  8.6
Hexes          | 3 |  3.2
Conjurations   | 1 2 3 4 5 6 7 8 14 | 14.0
Air Magic      | 1 3 4 5 6 7 10 13 | 13.4
Ice Magic      | 1 3 5 6 |  6.9
Dodging        | 3 6 8 |  8.0
Fighting       | 2 6 8 |  8.0
Shields        | 4 5 |  5.0
Long Blades    | 7 8 |  8.9
Armour         | 8 |  8.0
Short Blades   | |  0.8
Stealth        | |  2.6

Action                     |  1- 3 |  4- 6 |  7- 9 | 10-12 | 13-15 | 16-18 || total
---------------------------+-------+-------+-------+-------+-------+-------++-------
  Melee: Dagger            |    67 |       |       |       |       |       ||    67
         Long sword        |    78 |    35 |       |       |       |       ||   113
         Punch             |     2 |     1 |     3 |     1 |       |       ||     7
         Whip              |       |    44 |       |       |       |       ||    44
         Demon blade       |       |     1 |    86 |   141 |  1108 |    14 ||  1350
   Cast: Shock             |    34 |   110 |   135 |    99 |       |       ||   378
         Poisonous Vapours |       |     4 |     6 |     7 |       |       ||    17
         Airstrike         |       |     1 |    35 |   162 |   351 |       ||   549
         Freezing Cloud    |       |       |     1 |    65 |   127 |     2 ||   195
         Conjure Ball Ligh |       |       |       |       |     1 |       ||     1
  Evoke: Wand              |       |       |       |       |     4 |       ||     4
    Use: Scroll            |     4 |     3 |     3 |    11 |    20 |     1 ||    42
         Potion            |       |       |     2 |     3 |     9 |     3 ||    17
   Stab: Sleeping          |     6 |       |       |       |     3 |       ||     9
         Distracted        |       |       |     2 |     1 |     3 |       ||     6
 Armour: Robe              |    25 |    43 |     3 |       |       |       ||    71
         Ring mail         |    32 |       |       |       |       |       ||    32
         Leather armour    |       |       |    48 |    72 |    57 |       ||   177
         Swamp dragon scal |       |       |       |       |   365 |    17 ||   382
  Dodge: Dodged            |   133 |    67 |    91 |   104 |  1027 |    34 ||  1456
  Block: Other             |       |       |    36 |    41 |       |       ||    77
         Reflection        |       |       |     2 |     3 |    23 |       ||    28
         Buckler           |       |       |       |    31 |   827 |    17 ||   875
